 Dungeon Crawl Stone Soup version 0.28-a0-1447-ga5a8893891 (webtiles) character file.

Game seed: 8353646950783122867

7 ticklebelly the Ducker (level 1, -3/10 HPs)
             Began as a Felid Berserker on Jan 12, 2022.
             Was a Follower of Trog.
             Frozen to death by an endoplasm (4 damage)
             ... on level 1 of the Dungeon.
             The game lasted 00:00:42 (140 turns).

ticklebelly the Ducker (Felid Berserker)             Turns: 140, Time: 00:00:43

Health: -3/10      AC:  1    Str: 13    XL:     1   Next: 83%
Magic:  2/2        EV: 15    Int:  8    God:    Trog [*.....]
Gold:   38         SH:  0    Dex: 15    Spells: 0/0 levels left
                                        Lives:  0   Deaths: 0

rFire   . . .      SeeInvis +     - Unarmed
rCold   . . .      Faith    .   (shield unavailable)
rNeg    . . .      Spirit   .   (armour unavailable)
rPois   .          Reflect  .   (helmet unavailable)
rElec   .          Harm     .   (cloak unavailable)
rCorr   .          Rampage  .   (gloves unavailable)
Will    .....                   (boots unavailable)
Stlth   +.........              (no amulet)
HPRegen 0.03/turn               (no ring)
MPRegen 0.08/turn               (no ring)

@: constricted, quick
A: very small, claws 1, fangs 3, see invisible, speed 1, shaggy fur 1, stealthy
paws, no weapons or thrown items, no armour, multi-lived
a: Renounce Religion, Berserk


You were on level 1 of the Dungeon.
You worshipped Trog.
Trog was aware of your devotion.
You visited 1 branch of the dungeon, and saw 1 of its levels.

You collected 38 gold pieces.

You aren't carrying anything.


   Skills:
 + Level 3.1 Fighting
 + Level 4.2 Dodging
 + Level 3.1 Unarmed Combat


You couldn't memorise any spells.
You didn't know any spells.
Your spell library was empty.

Dungeon Overview and Level Annotations

Branches:
Dungeon (1/15)

Altars:


Innate Abilities, Weirdness & Mutations

You have sharp claws.
You have razor-sharp teeth.
You have supernaturally acute eyesight. (SInv)
You cover ground quickly. (Speed+)
You are covered in fur. (AC +1)
Your paws help you pounce on unaware monsters.
You are incapable of wielding weapons or throwing items.
You cannot wear armour.
You gain extra lives every three experience levels.


Message History

A goblin is nearby!
A goblin is nearby!
A kobold comes into view. It is wielding a +0 short sword.
Found a faded altar of an unknown god.
The goblin shouts!
The kobold shouts!
A hobgoblin comes into view.
Found a scroll labelled YNAGITTETS.
An endoplasm and a ball python come into view.
The endoplasm quivers.
The goblin hits you with a +0 club.
A quokka comes into view.
The hobgoblin shouts!
The ball python hisses angrily.
You scratch the goblin.
The goblin is moderately wounded.
The goblin misses you.
You claw the goblin!
You kill the goblin!
Trog accepts your kill.
You barely miss the kobold. You bite the kobold.
You kill the kobold!
Trog accepts your kill.
Found a hunting sling.
The ball python closely misses you. The ball python grabs you.
The ball python constricts you. The hobgoblin closely misses you.
Things that are here:
a +0 short sword; a +0 club; a kobold corpse You barely miss the ball python.
The ball python misses you. The ball python constricts you.
The hobgoblin hits you.
The endoplasm hits you but does no damage.
You are too injured to fight recklessly!
You are too injured to fight recklessly!
You are too injured to fight recklessly!
You fail to use your ability.
The ball python bites you.
* * * LOW HITPOINT WARNING * * *
The ball python constricts you.
* * * LOW HITPOINT WARNING * * *
The hobgoblin misses you. The endoplasm freezes you.
You are frozen.
You die...

#....####..####.......'...
#.##...........#####.8#...
#.##.####.!###.# ##.#...
#.##.# #...###.# #.#...
#.##(# #.......# #.####
#.#.#.##...##### #.# #. #
#.....## #.###...# #.
#@#.# # #..SgJ..#
#..r8...# #..8.8..#
#.8._.8.# #..8?8...
....8....# #....)....#


You could see an endoplasm, a quokka, a hobgoblin and a ball python.

Vanquished Creatures
  A bat (D:1)
  A goblin (D:1)
  A hobgoblin (D:1)
  A frilled lizard (D:1)
  2 kobolds (D:1)
  A rat (D:1)
7 creatures vanquished.

Notes
Turn   | Place    | Note
-------+----------+-------------------------------------------
     0 | D:1      | ticklebelly the Felid Berserker began the quest for the
                  | Orb.
     0 | D:1      | Reached XP level 1. HP: 10/10 MP: 2/2
   132 | D:1      | Found a faded altar of an unknown god.
   140 | D:1      | Frozen to death by an endoplasm

Illustrated notes

Levels and vault maps discovered:
D:1:      scummos_arrival_gate, layout_loops_ring,
          chequers_ecumenical_altar_simple_redux, minmay_tall_x

Action                   || total
-------------------------++-------
Melee: Unarmed           ||    14
       Bite              ||     1
 Stab: Sleeping          ||     1
Armor: Skin              ||     3
Dodge: Dodged            ||    14

Table legend: (Time is in decaauts)
 A = Elapsed time spent in this place.
 B = Non-inter-level travel time spent in this place.
 C = Inter-level travel time spent in this place.
 D = Time resting spent in this place.
 E = Time spent auto-exploring this place.
 F = Levels seen in this place.
 G = Mean time per level.
                   A        B        C        D        E       F      G
               +--------+--------+--------+--------+--------+-----+--------+
         Total |    125 |    125 |      0 |      0 |     86 |   1 |  125.0 |
       Dungeon |    125 |    125 |      0 |      0 |     86 |   1 |  125.0 |
               +--------+--------+--------+--------+--------+-----+--------+

Top non-repeatable levels by time:
     D:1: 125 daAuts
